 Dungeon Crawl Stone Soup version 0.30.1-3-gfc49f6343a (webtiles) character file.

Game seed: 8400525550771467697

26 croobank the Sneak (level 3, 0/26 HPs)
             Began as an Octopode Delver on July 28, 2023.
             Slain by a phantom (7 damage)
             ... on level 5 of the Dungeon.
             The game lasted 00:02:25 (330 turns).

croobank the Sneak (Octopode Delver)                 Turns: 330, Time: 00:02:26

Health: 0/26       AC:  1    Str: 11    XL:     3   Next: 8%
Magic:  3/3        EV: 13    Int: 14    God:
Gold:   10         SH:  0    Dex: 13    Spells: 2/2 levels left

rFire   . . .        a - +0 short sword
rCold   . . .        (no shield)
rNeg    . . .        (helmet restricted)
rPois   .            (no amulet)
rElec   .            (no ring)
rCorr   .            (no ring)
SInv    .            (no ring)
Will    .....        (no ring)
Stlth   ++++         (no ring)
HPRegen 0.24/turn    (no ring)
MPRegen 0.08/turn    (no ring)
                     (no ring)

%: no passive effects
@: flying
A: almost no armour, amphibious, 8 rings, camouflage 1, gelatinous body 1,
(nimble swimmer 1), tentacles
a: no special abilities


You were on level 5 of the Dungeon.
You visited 1 branch of the dungeon, and saw 3 of its levels.

You collected 10 gold pieces.

Inventory:

Hand Weapons
 a - a +0 short sword (weapon)
 k - a +0 war axe of draining
Missiles
 o - 6 poisoned darts (quivered)
Wands
 f - a wand of digging (3)
Scrolls
 b - a scroll of fog
 i - a scroll of vulnerability {unknown}
 l - a scroll of amnesia {unknown}
 m - a scroll of immolation {unknown}
Potions
 h - a potion of heal wounds {unknown}
 j - a potion of curing {unknown}
 n - a potion of magic {unknown}


   Skills:
 + Level 3.3 Fighting
 + Level 2.4 Short Blades
 + Level 2.4 Dodging
 + Level 6.9 Stealth


You had 2 spell levels left.
You didn't know any spells.
Your spell library was empty.

Dungeon Overview and Level Annotations

Branches:
Dungeon (7/15)             Temple (0/1) D:5

Altars:


Innate Abilities, Weirdness & Mutations

You cannot wear most types of armour.
You are amphibious.
You can wear up to eight rings at the same time.
Your skin changes colour to match your surroundings (Stealth+).
Your rubbery body absorbs attacks. (AC +1, EV +1)
((You are camouflaged when in or above water. (Stealth+)))
You have tentacles for arms and can constrict up to eight enemies at once.


Message History

You have reached level 3!
Your experience leads to an increase in your attributes!
Increase (S)trength, (I)ntelligence, or (D)exterity?
You feel clever. x2
You open the door.
A phantom comes into view.
Found a sapphire potion.
There is an open door here.
You hit the phantom.
You squeeze the phantom, but do no damage.
The phantom is lightly damaged.
The phantom misses you.
You closely miss the phantom.
You squeeze the phantom, but do no damage.
The phantom is lightly damaged.
The phantom hits you.
You barely miss the phantom. You squeeze the phantom.
The phantom is moderately damaged.
The phantom hits you.
You barely miss the phantom.
The phantom is moderately damaged.
You barely miss the phantom. Your squeeze misses the phantom.
The phantom is moderately damaged.
The phantom hits you.
The phantom blinks!
You blink.
The phantom attacks as you move away! The phantom barely misses you.
You hit the phantom.
The phantom is moderately damaged.
The phantom barely misses you.
You hit the phantom.
The phantom is moderately damaged.
The phantom hits you.
You hit the phantom.
The phantom is heavily damaged.
The phantom hits you.
* * * LOW HITPOINT WARNING * * *
The phantom blinks!
You blink.
It was a potion of flight.
You feel very buoyant.
You fly up into the air.
The phantom hits you!
You die...

####....# #†########
#...!...###........#
#.......'..........#
#.......###........#
*#....§§.#
#........#
#........#
#..[.....#
#.##.#.###
#........# #,...#.#
#........#
**#...,#@#
#........#
*.....,#W#
#########*
*.###*,#.#
*,,,,,,..#
******,### *,* *,*
*,* *,*


You could see a phantom.

Vanquished Creatures
  An adder (D:5)
  A shadow imp (D:6)
  A white imp (D:6)
  An orc (D:6)
4 creatures vanquished.

Notes
Turn   | Place    | Note
-------+----------+-------------------------------------------
     0 | D:5      | croobank the Octopode Delver began the quest for the Orb.
     0 | D:5      | Reached XP level 1. HP: 16/16 MP: 1/1
   103 | D:7      | Noticed a wight
   105 | D:7      | Noticed a wight
   124 | D:6      | Reached XP level 2. HP: 15/21 MP: 2/2
   275 | D:5      | Noticed an ogre
   314 | D:5      | Reached XP level 3. HP: 25/26 MP: 3/3
   317 | D:5      | Noticed a phantom
   330 | D:5      | Slain by a phantom

Illustrated notes

Levels and vault maps discovered:
D:5:      layout_basic, lemuel_temple_firewalk_b
D:6:      layout_cave_pools, ebering_ghost_inner_flame, minivault_24,
          uniq_menkaure, uniq_blork_the_orc, uniq_crazy_yiuf_cottage
D:7:      layout_gridville

Action                     || total
---------------------------++-------
  Melee: Short sword       ||    23
         Tentacles         ||     7
         Constrict         ||     2
    Use: Scroll            ||     2
         Potion            ||     2
   Stab: Sleeping          ||     1
  Dodge: Dodged            ||    12
